 Dungeon Crawl Stone Soup version 0.21.1-1-g345015f (webtiles) character file.

3291 diana the Carver (level 9, -6/61 HPs)
             Began as a Demonspawn Gladiator on June 12, 2018.
             Was a Believer of Okawaru.
             Killed from afar by Maurice (18 damage)
             ... with a wand of acid (1)
             ... on level 8 of the Dungeon.
             The game lasted 00:16:58 (8565 turns).

diana the Carver (Demonspawn Gladiator)             Turns: 8565, Time: 00:17:00

Health: -6/61      AC:  0    Str: 17    XL:     9   Next: 69%
Magic:  9/9        EV: 16    Int: 10    God:    Okawaru [**....]
Gold:   308        SH:  0    Dex: 15    Spells: 2/8 levels left

rFire    . . .     SeeInvis +   t - +0 great sword
rCold    . . .     Gourm    .   (shield currently unavailable)
rNeg     . . .     Faith    .   b - +0 leather armour
rPois    +         Spirit   .   c - +0 helmet
rElec    .         Reflect  .   (no cloak)
rCorr    .         Harm     .   (no gloves)
MR       .....                  (no boots)
Stlth    +.........             J - amulet of rage
HPRegen  0.20/turn              y - ring of see invisible
MPRegen  0.11/turn              g - ring of flight

@: corroded, berserk cooldown, slowed, very slow
A: slimy green scales 3, demonic guardian 2, powered by death 1
a: Heroism, Renounce Religion, Evoke Berserk Rage, Evoke Flight


You were on level 8 of the Dungeon.
You worshipped Okawaru.
Okawaru was pleased with you.
You were not hungry.

You visited 2 branches of the dungeon, and saw 9 of its levels.
You also visited: Ossuary.

You collected 308 gold pieces.

Inventory:

Hand Weapons
 a - a +0 long sword
 t - a +0 great sword (weapon)
Armour
 b - a +0 leather armour (worn)
 c - a +0 helmet (worn)
Jewellery
 g - a ring of flight (right hand)
 q - an uncursed ring of positive energy
 y - a ring of see invisible (left hand)
 J - an amulet of rage (around neck)
Scrolls
 e - 4 scrolls of teleportation
 h - 3 scrolls of fear {unknown}
 j - 3 scrolls of enchant weapon {unknown}
 k - 4 scrolls of remove curse {unknown}
 o - 3 scrolls of immolation {unknown}
 p - 4 scrolls of identify
 u - a scroll of blinking {unknown}
 w - a scroll of fog {unknown}
 A - 2 scrolls of amnesia {unknown}
 F - a scroll of torment {unknown}
 I - a scroll of random uselessness {unknown}
Potions
 i - 3 potions of lignification
 n - 2 potions of magic
 r - 2 potions of heal wounds {unknown}
 s - a potion of brilliance {unknown}
 v - a potion of resistance {unknown}
 x - 5 potions of curing
 z - 3 potions of mutation {unknown}
 B - a potion of degeneration {unknown}
 H - a potion of ambrosia {unknown}
Books
 C - a Young Poisoner's Handbook

   Spells                             Type                      Level
   a - Sting                          Conjuration/Poison           1
   b - Poisonous Vapours              Poison/Air                   2
   c - Mephitic Cloud                 Conjuration/Poison/Air       3
   d - Olgreb's Toxic Radiance        Poison                       4
   e - Venom Bolt                     Conjuration/Poison           5
 D - the Almanac of Talismans and Ignition
   (You found it on level 7 of the Dungeon)

   Spells                             Type                      Level
   a - Infusion                       Charms                       1
   b - Shroud of Golubria             Charms/Translocation         2
   c - Inner Flame                    Hexes/Fire                   3
   d - Spectral Weapon                Hexes/Charms                 3
   e - Deflect Missiles               Charms/Air                   6
 G - a book of Debilitation

   Spells                             Type                      Level
   a - Corona                         Hexes                        1
   b - Slow                           Hexes                        2
   c - Inner Flame                    Hexes/Fire                   3
   d - Portal Projectile              Hexes/Translocation          3
   e - Cause Fear                     Hexes                        4
   f - Leda's Liquefaction            Hexes/Earth                  4
 K - a book of Air

   Spells                             Type                      Level
   a - Shock                          Conjuration/Air              1
   b - Swiftness                      Charms/Air                   2
   c - Static Discharge               Conjuration/Air              3
   d - Airstrike                      Air                          4
   e - Lightning Bolt                 Conjuration/Air              5
Comestibles
 f - 12 rations


   Skills:
 - Level 2.0 Fighting
 * Level 10.6 Long Blades
 - Level 1.7 Throwing
 + Level 7.7 Dodging


You had 2 spell levels left.
You knew the following spells:

 Your Spells              Type           Power        Failure   Level  Hunger
a - Mephitic Cloud        Conj/Pois/Air  #.......     80%         3    ####...
b - Regeneration          Chrm/Necr      #.........   80%         3    ####...


Dungeon Overview and Level Annotations

Branches:
Dungeon (8/15)             Temple (1/1) D:6
   Lair: D:8-11

Altars:
Ashenzari
Cheibriados
Dithmenos
Elyvilon
Fedhas
Gozag
Hepliaklqana
Kikubaaqudgha
Makhleb
Okawaru
Qazlal
Ru
Sif Muna
Trog
Uskayaw
Vehumet
Wu Jian
Xom
Yredelemnul
Zin
The Shining One

Annotations:
D:8 Maurice


Innate Abilities, Weirdness & Mutations

You are completely covered in slimy green scales. (AC +4, rPois)
A demonic guardian rushes to your aid.
You regenerate a little health from kills.


Message History

Maurice shouts, "HAHA!"
Maurice hits you but does no damage. Maurice hits you with a short sword.
* * * LOW HITPOINT WARNING * * *
Maurice steals 136 gold pieces!
You now have 308 gold pieces.
Throwing (i - inventory):
d - a throwing net (quivered)
Press: ? - help, Shift-Dir - straight line, f/p - Maurice
Aim: Maurice, wielding a short sword, wearing a cloak and carrying a wand of acid (1) (lightly wounded, slightly transparent, covering ground quickly)
You throw a throwing net. The throwing net hits Maurice.
Maurice is caught in the net!
Maurice is lightly wounded.
Maurice struggles against the net.
You swap places.
Maurice drinks a potion.
Maurice seems to speed up.
Maurice struggles against the net.
Your soul eater hits Maurice.
You feel better.
Maurice struggles against the net.
Your soul eater hits Maurice!
Your soul eater drains Maurice!
Maurice zaps a wand.
The bolt of acid hits your smoke demon.
Your smoke demon is splashed with acid.
Your smoke demon dies!
The bolt of acid hits you!
You die...

## ##. ..
####... #.
.....# #.
#.....#
##.##.....#
#...+.....#
#.#.....#+
#@........
##3@.....(
#..###...
##.## .
#..# ##.##
#..#
##.###+#
#..##.#


You could see Maurice (caught) and a friendly soul eater.

Vanquished Creatures
  The ghost of wilfster70 the Covered, an amateur HaWr of Makhleb (D:4)
  A phantom (D:8)
  3 ogres (D:7)
  A necrophage (D:5)
  2 centaurs
  Blork the orc (D:5)
  4 bullfrogs
  A wyvern skeleton (D:7)
  A scorpion (D:6)
  A howler monkey (D:5)
  3 centaur zombies
  2 crimson imps
  3 orc priests
  Crazy Yiuf (D:2)
  2 hounds
  2 jellies
  5 orc wizards
  A centaur skeleton (D:8)
  A gnoll shaman (D:5)
  4 iguanas
  2 worker ants
  5 big kobold zombies (Ossuary)
  2 mummies
  13 gnolls
  11 adders
  A shadow imp (D:5)
  3 adder skeletons
  2 worms (D:2)
  4 dart slugs
  4 leopard geckos
  16 orcs
  2 spectral bats (Ossuary)
  8 bats
  3 bat simulacra (Ossuary)
  8 giant cockroaches
  7 gnoll zombies (Ossuary)
  7 goblins
  4 hobgoblins
  12 jackals
  12 kobolds
  2 quokkas
  A ball python (D:5)
  4 frilled lizards
  5 goblin simulacra (Ossuary)
  6 goblin zombies (Ossuary)
  2 hobgoblin zombies (Ossuary)
  A jackal zombie (D:5)
  3 kobold simulacra (Ossuary)
  3 kobold zombies (Ossuary)
  A leopard gecko skeleton (D:7)
  7 orc zombies (Ossuary)
  A quokka skeleton (D:5)
  7 rats
  5 rat simulacra (Ossuary)
  A spectral goblin (Ossuary)
  A spectral kobold (Ossuary)
  A spectral rat (Ossuary)
217 creatures vanquished.

Vanquished Creatures (collateral kills)
  Pikel (D:7)
  A hungry ghost (D:7)
  2 orc warriors
  2 slaves (D:7)
  3 ogres
  A centaur (D:5)
  3 bullfrogs
  A centaur zombie (D:6)
  An orc wizard (D:7)
  A worker ant (D:6)
  2 gnolls (D:5)
  5 orcs
  3 jackals (D:5)
  A quokka (D:6)
27 creatures vanquished.

Grand Total: 244 creatures vanquished

Notes
Turn   | Place    | Note
-------+----------+-------------------------------------------
     0 | D:1      | diana the Demonspawn Gladiator began the quest for the Orb.
     0 | D:1      | Reached XP level 1. HP: 16/16 MP: 1/1
    63 | D:1      | Reached skill level 3 in Long Blades
    68 | D:1      | Gained mutation: You are partially covered in slimy green scales. (AC +2) [demonic ancestry]
    68 | D:1      | Reached XP level 2. HP: 15/22 MP: 2/2
   442 | D:1      | Gained mutation: You are mostly covered in slimy green scales. (AC +3) [demonic ancestry]
   442 | D:1      | Reached XP level 3. HP: 24/27 MP: 3/3
   932 | D:2      | Reached skill level 4 in Long Blades
  1207 | D:2      | Reached XP level 4. HP: 32/33 MP: 4/4
  1685 | D:2      | Found a runed door.
  1746 | D:2      | Noticed Crazy Yiuf
  1752 | D:2      | Killed Crazy Yiuf
  2003 | D:3      | Found a shimmering altar of Xom.
  2428 | D:3      | Gained mutation: A weak demonic guardian rushes to your aid. [demonic ancestry]
  2428 | D:3      | Reached XP level 5. HP: 28/38 MP: 5/5
  3088 | D:3      | Noticed an ogre
  3099 | D:3      | Killed an ogre
  3099 | D:3      | Reached skill level 5 in Long Blades
  3215 | D:3      | Gained mutation: You regenerate a little health from kills. [demonic ancestry]
  3215 | D:3      | Reached XP level 6. HP: 19/44 MP: 6/6
  3547 | D:4      | Noticed wilfster70's ghost (amateur HaWr)
  3567 | D:4      | Killed wilfster70's ghost
  3642 | D:4      | Found a sand-covered staircase.
  3650 | Ossuary  | Entered an ossuary
  3754 | Ossuary  | Reached skill level 6 in Long Blades
  3798 | Ossuary  | Reached XP level 7. HP: 50/50 MP: 7/7
  4391 | D:5      | Entered Level 5 of the Dungeon
  4402 | D:4      | Reached skill level 5 in Dodging
  4639 | D:5      | Reached skill level 7 in Long Blades
  4951 | D:5      | Noticed Blork the orc
  4953 | D:5      | Killed Blork the orc
  4953 | D:5      | Gained mutation: A demonic guardian rushes to your aid. [demonic ancestry]
  4953 | D:5      | Reached XP level 8. HP: 56/56 MP: 8/8
  5577 | D:6      | Reached skill level 8 in Long Blades
  6614 | D:6      | Reached skill level 9 in Long Blades
  6992 | D:6      | Found a staircase to the Ecumenical Temple.
  7010 | D:6      | Gained mutation: You are completely covered in slimy green scales. (AC +4, rPois) [demonic ancestry]
  7010 | D:6      | Reached XP level 9. HP: 57/61 MP: 9/9
  7019 | Temple   | Entered the Ecumenical Temple
  7121 | Temple   | Became a worshipper of Warmaster Okawaru
  7525 | D:7      | Learned a level 3 spell: Mephitic Cloud
  7529 | D:7      | Learned a level 3 spell: Regeneration
  7625 | D:7      | Identified the Almanac of Talismans and Ignition
  7828 | D:7      | Noticed Pikel
  7839 | D:7      | Reached * piety under Okawaru
  7839 | D:7      | Reached skill level 10 in Long Blades
  7842 | D:7      | Killed Pikel
  8275 | D:7      | Reached ** piety under Okawaru
  8545 | D:8      | Noticed Maurice
  8562 | D:8      | HP: 2/61 [Maurice/short sword (3)]
  8565 | D:8      | Killed from afar by Maurice

Skill      XL: |  1  2  3  4  5  6  7  8  9 |
---------------+----------------------------+-----
Long Blades    | 3 4 5 6 7 9 10 | 10.6
Dodging        | 3 4 5 6 7 |  7.7
Fighting       | |  2.0
Throwing       | |  1.7

Action                   |  1- 3 |  4- 6 |  7- 9 || total
-------------------------+-------+-------+-------++-------
Melee: Long sword        |    87 |   112 |       ||   199
       Great sword       |       |   102 |   329 ||   431
Throw: Throwing net      |       |       |     4 ||     4
  Use: Potion            |       |     2 |     3 ||     5
       Scroll            |       |     2 |    10 ||    12
 Stab: Distracted        |       |     1 |       ||     1
       Sleeping          |       |       |     1 ||     1
  Eat: Chunk             |       |     5 |    14 ||    19
       Ration            |       |     1 |     1 ||     2
Armor: Leather armour    |    47 |    75 |    97 ||   219
       Skin              |       |    14 |       ||    14
Dodge: Dodged            |    95 |   172 |   338 ||   605
       Rpst.: Long sword |    21 |    36 |       ||    57
       Great sword       |       |    25 |   106 ||   131
